 Dungeon Crawl Stone Soup version 0.26-a0-466-g989023bd0d (console) character file.

Game seed: 12476843632966117125

4807 utis the Summoner (level 10, -8/60 HPs)
             Began as a Tengu Summoner on July 30, 2020.
             Mangled by a two-headed ogre
             ... wielding a +0 dire flail
              (18 damage)
             ... on level 10 of the Dungeon.
             The game lasted 00:31:35 (12210 turns).

utis the Summoner (Tengu Summoner)                 Turns: 12210, Time: 00:31:35

Health: -8/60      AC:  9    Str: 12    XL:     10   Next: 48%
Magic:  6/17       EV: 22    Int: 15    God:
Gold:   422        SH:  0    Dex: 15    Spells: 3/17 levels left

rFire    . . .     SeeInvis .   L - +8 hand axe {vorpal, rElec rN+}
rCold    . . .     Faith    .   (no shield)
rNeg     + . .     Spirit   .   M - +0 swamp dragon scales
rPois    +         Reflect  .   (helmet restricted)
rElec    +         Harm     .   x - +0 cloak
rCorr    .                      f - +0 pair of gloves
MR       .....                  (boots unavailable)
Stlth    +.........             g - amulet of regeneration {@e1}
HPRegen  0.60/turn              E - +4 ring of evasion
MPRegen  0.15/turn              (no ring)

@: flying quickly and evasively, quick
A: beak, talons 3, able to fly
a: Stop Flying


You were on level 10 of the Dungeon.
You visited 1 branch of the dungeon, and saw 10 of its levels.

You collected 537 gold pieces.
You spent 115 gold pieces at shops.

Inventory:

Hand Weapons
 a - a +1 dagger of venom
 d - a +0 whip
 i - a +0 short sword
 C - a +2 falchion of protection
 L - the +8 hand axe of Qanlac (weapon) {vorpal, rElec rN+}
   (You took it off a gnoll on level 5 of the Dungeon)

   It inflicts extra damage upon your enemies.
   It insulates you from electricity.
   It protects you from negative energy.
Missiles
 c - 40 bolts
 l - 256 stones (quivered)
 m - 18 boomerangs
Armour
 f - a +0 pair of gloves (worn)
 t - a +0 ring mail
 x - a +0 cloak (worn)
 A - a +0 robe
 M - +0 swamp dragon scales (worn)
Jewellery
 g - an amulet of regeneration (around neck) {@e1}
 E - a +4 ring of evasion (left hand)
 F - an uncursed ring of fire
 G - an uncursed amulet of guardian spirit
 H - an uncursed amulet of faith {!P}
 I - an uncursed amulet of reflection
 N - an uncursed ring of positive energy
Wands
 y - a wand of digging (4)
Scrolls
 h - 2 scrolls of teleportation {@r4}
 k - 7 scrolls of remove curse {@r2}
 n - a scroll of random uselessness {unknown}
 p - a scroll of enchant armour {unknown}
 q - 2 scrolls of fear
 v - a scroll of magic mapping
 B - a scroll of noise {unknown}
 J - a scroll of blinking
 K - a scroll of amnesia {unknown}
 O - a scroll of identify {@r1}
Potions
 b - 2 potions of curing {@q1}
 e - 2 potions of berserk rage {!q}
 j - 3 potions of mutation {!q}
 o - 4 potions of heal wounds {@q2}
 r - 3 potions of cancellation
 s - 2 potions of stabbing {unknown}
 u - 2 potions of flight {unknown}
 w - 3 potions of lignification {unknown}
 z - 2 potions of degeneration {unknown}
 D - 2 potions of brilliance {unknown}


   Skills:
 - Level 5.8 Fighting
 - Level 2.0 Short Blades
 + Level 0.2 Armour
 - Level 7.9 Dodging
 - Level 2.0 Stealth
 - Level 4.0 Spellcasting
 + Level 11.1 Summonings
 + Level 1.3 Ice Magic
 - Level 9.0 Air Magic


You had 3 spell levels left.
You knew the following spells:

 Your Spells              Type           Power        Failure   Level
b - Summon Ice Beast      Ice/Summ       ###.....     30%         4
f - Call Canine Familiar  Summ           #####...     1%          3
p - Call Imp              Summ           #####...     1%          2
t - Summon Lightning Spi  Summ/Air       ####....     6%          4
z - Summon Small Mammal   Summ           ####         1%          1

Your spell library contained the following spells:

 Spells                   Type           Power        Failure   Level
 Summon Guardian Golem    Hex/Summ       ###.....     12%         3
 Animate Skeleton         Necr           #.....       38%         1
 Apportation              Tloc           #.....       38%         1
 Corona                   Hex            #......      38%         1
 Magic Dart               Conj           #...         38%         1
 Searing Ray              Conj           #.....       52%         2
 Dazzling Flash           Conj/Hex       #.....       77%         3
 Fulminant Prism          Conj/Hex       #.........   99%         4
 Iskenderun's Mystic Bla  Conj/Tloc      #.......     99%         4


Dungeon Overview and Level Annotations

Branches:
Dungeon (10/15)            Temple (0/1) D:5
   Lair: D:8-11         Orc: D:9-12

Altars:
Ashenzari
Cheibriados
Elyvilon
Fedhas
Nemelex Xobeh
Sif Muna
Trog
Uskayaw
Yredelemnul
Zin

Shops:
D:4 =   D:8 !=[!


Innate Abilities, Weirdness & Mutations

You have a beak for a mouth.
You have claws for feet.
You can fly continuously.


Message History

The two-headed ogre hits you with a cursed -1 giant spiked club.
* * * LOW HITPOINT WARNING * * *
The two-headed ogre hits your lightning spire with a +0 dire flail!
The two-headed ogre hits your lightning spire with a cursed -1 giant spiked club!
Your lightning spire shoots out a bolt of lightning at the two-headed ogre!
The bolt of electricity hits the two-headed ogre!
The bolt of electricity hits the quasit!
The quasit dies!
The two-headed ogre hits your lightning spire but does no damage.
The two-headed ogre hits your lightning spire with a cursed -1 giant spiked club!
Your lightning spire is destroyed!
Casting: Summon Lightning Spire (dangerous; 6% risk of failure)
Confirm with . or Enter, or press ? or * to list all spells.
An electric hum fills the air.
The two-headed ogre shouts in stereo!
* * * LOW MAGIC WARNING * * *
The two-headed ogre hits you with a +0 dire flail!!
* * * LOW HITPOINT WARNING * * *
The two-headed ogre hits you with a cursed -1 giant spiked club!!
You die...

░.........'
░...░)░░░░░░░ ....░ ░.░
░░░ ░.░ ░.░ ░.░ ░.░ ░░.░
░OQ░ ░░░+░░░░ ░.░░
░....... ░░░░░░8░░
░....... ░.......░
░....... ░.......░
░░░░.......
░.......░░░░░░..'.<.....
+.......'......░░.......
░.......░░░░░░░░░.......
░.......░ ░.......


You could see a two-headed ogre and a friendly lightning spire (summoned).

Vanquished Creatures
  Pikel (D:6)
  Joseph (D:9)
  A wyvern (D:9)
  A sky beast (D:5)
  3 ice beasts
  2 orc warriors
  A black bear (D:7)
  A phantom (D:8)
  4 ogres
  4 centaurs
  A lemure (D:6)
  3 big kobolds
  3 bullfrogs
  A gnoll sergeant (D:9)
  6 scorpions
  A howler monkey (D:5)
  A centaur zombie (D:5)
  A bullfrog zombie (D:5)
  8 hounds
  A jelly (D:8)
  5 orc priests
  2 bullfrog skeletons
  2 iguanas
  6 orc wizards
  8 worker ants
  A killer bee zombie (D:7)
  2 worker ant zombies
  7 gnolls
  10 adders
  A shadow imp (D:5)
  2 white imps
  An ufetubus (D:5)
  An ooze (D:3)
  3 adder skeletons
  3 worms (D:2)
  2 dart slugs
  6 leopard geckos
  33 orcs
  3 ball pythons
  9 bats
  8 giant cockroaches
  10 goblins
  8 hobgoblins
  9 jackals
  4 quokkas
  6 frilled lizards
  18 kobolds
  4 rats
219 creatures vanquished.

Vanquished Creatures (collateral kills)
  Maggie (D:9)
  Sigmund (D:4)
  Menkaure (D:4)
  An ogre (D:8)
  Blork the orc (D:4)
  A howler monkey (D:2)
  A quasit (D:10)
  An orc priest (D:7)
  An orc wizard (D:4)
  Jessica (D:3)
  A bullfrog skeleton (D:4)
  2 iguanas (D:4)
  4 adders
  2 worms (D:4)
  A dart slug (D:1)
  5 orcs
  A bat (D:2)
  A jackal (D:4)
  2 quokkas
  A ball python (D:4)
  A kobold (D:3)
  A rat (D:3)
32 creatures vanquished.

Vanquished Creatures (others)
  An orc (D:7)
1 creature vanquished.

Grand Total: 252 creatures vanquished

Notes
Turn   | Place    | Note
-------+----------+-------------------------------------------
     0 | D:1      | utis the Tengu Summoner began the quest for the Orb.
     0 | D:1      | Reached XP level 1. HP: 10/10 MP: 4/4
   285 | D:1      | Reached skill level 5 in Summonings
   338 | D:1      | Reached XP level 2. HP: 15/15 MP: 6/6
  1222 | D:1      | Reached XP level 3. HP: 19/19 MP: 7/7
  1648 | D:2      | Learned a level 2 spell: Call Imp
  1652 | D:2      | Learned a level 3 spell: Call Canine Familiar
  1922 | D:2      | Reached XP level 4. HP: 5/24 MP: 3/8
  2279 | D:2      | Reached skill level 6 in Summonings
  2311 | D:2      | Found a hide-covered altar of Uskayaw.
  2373 | D:2      | Found a snail-covered altar of Cheibriados.
  3079 | D:2      | Gained mutation: You can fly continuously. [Tengu growth]
  3079 | D:2      | Reached XP level 5. HP: 18/28 MP: 9/9
  3505 | D:2      | Found a white marble altar of Elyvilon.
  3992 | D:3      | Noticed Jessica
  4006 | D:3      | Killed Jessica
  4172 | D:3      | Reached skill level 1 in Fighting
  4676 | D:4      | Found Sablyisk's Jewellery Shop.
  4689 | D:4      | Reached XP level 6. HP: 34/34 MP: 4/10
  5022 | D:4      | Found a basalt altar of Yredelemnul.
  5027 | D:4      | Noticed Sigmund
  5045 | D:4      | Killed Sigmund
  5045 | D:4      | Reached skill level 5 in Dodging
  5045 | D:4      | Reached skill level 7 in Summonings
  5469 | D:4      | Reached skill level 1 in Short Blades
  5469 | D:4      | Reached XP level 7. HP: 40/40 MP: 11/11
  5645 | D:4      | Noticed Menkaure
  5679 | D:4      | Killed Menkaure
  5834 | D:4      | Found a shattered altar of Ashenzari.
  6075 | D:4      | Noticed Blork the orc
  6251 | D:4      | Killed Blork the orc
  6295 | D:4      | Found a shimmering blue altar of Sif Muna.
  6565 | D:5      | Entered Level 5 of the Dungeon
  6628 | D:5      | Learned a level 4 spell: Summon Lightning Spire
  6676 | D:5      | Reached skill level 1 in Air Magic
  7032 | D:5      | Reached XP level 8. HP: 42/46 MP: 12/12
  7148 | D:5      | Identified the +8 hand axe of Qanlac {vorpal, rElec rN+}
  7190 | D:5      | Reached skill level 8 in Summonings
  7272 | D:5      | Found a staircase to the Ecumenical Temple.
  7475 | D:5      | Reached skill level 5 in Air Magic
  8050 | D:6      | Noticed Pikel
  8091 | D:6      | Killed Pikel
  8091 | D:6      | Reached skill level 9 in Summonings
  8091 | D:6      | Reached XP level 9. HP: 27/51 MP: 13/13
  8192 | D:6      | Reached skill level 10 in Summonings
  9014 | D:7      | Found a bloodstained altar of Trog.
  9172 | D:7      | Reached skill level 11 in Summonings
  9377 | D:7      | Found a sparkling altar of Nemelex Xobeh.
  9573 | D:7      | Found a glowing silver altar of Zin.
  9594 | D:7      | Found a blossoming altar of Fedhas.
  9734 | D:8      | Found Oqogou's Distillery.
  9740 | D:8      | Bought a potion of heal wounds for 60 gold pieces
  9806 | D:8      | Found Syhir's Jewellery Shoppe.
 10311 | D:8      | Reached XP level 10. HP: 47/57 MP: 17/17
 10363 | D:8      | Found Enikk's Distillery.
 10370 | D:8      | Found Duzeomm's Antique Armour Shop.
 10529 | D:8      | Bought a potion of heal wounds for 55 gold pieces
 10995 | D:8      | Reached skill level 5 in Fighting
 11689 | D:9      | Noticed Joseph
 11718 | D:9      | Killed Joseph
 11822 | D:9      | Learned a level 4 spell: Summon Ice Beast
 11938 | D:9      | Noticed Maggie
 11951 | D:9      | Killed Maggie
 11951 | D:9      | Reached skill level 1 in Ice Magic
 12150 | D:10     | Entered Level 10 of the Dungeon
 12190 | D:10     | Noticed a two-headed ogre
 12210 | D:10     | Mangled by a two-headed ogre

Illustrated notes

Levels and vault maps discovered:
D:1:      minmay_arrival_hallway, layout_loops_ring, minmay_pentomino_r4
D:2:      layout_basic, nicolae_overflow_crystal_walls,
          grunt_temple_overflow_open, minmay_indecisive_spiral
D:3:      layout_basic, minmay_randomly_rotated_circles, uniq_jessica
D:4:      layout_basic, overflow_temple_1_default, tgw_sif,
          lemuel_crystal_altar, serial_shops, shop, minmay_misc_feat_alley,
          uniq_menkaure, uniq_sigmund
D:5:      layout_loops_ring, minmay_temple_entry_glass,
          chequers_serial_rivers_small_3
D:6:      layout_basic, hex_large, uniq_pikel
D:7:      layout_loops_ring, nemelex_xobeh_ov_fountains_minmay,
          kennysheep_little_box, fedhas_altar_4, lemuel_statue_altar
D:8:      minmay_chambers_of_fours, layout_loops_corners, serial_shops, shop,
          nicolae_shop_crystal, nicolae_shop_window_shopping, shop_statue
D:9:      layout_rooms, uniq_joseph, uniq_maggie
D:10:     layout_roguey, minmay_guarded_unrand_staff_of_olgreb

Skill      XL: |  1  2  3  4  5  6  7  8  9 10 |
---------------+-------------------------------+-----
Summonings     | 5 6 7 9 11 | 11.1
Dodging        | 3 4 5 6 7 |  7.9
Fighting       | 1 2 3 4 5 |  5.8
Short Blades   | 1 2 |  2.0
Air Magic      | 3 7 9 |  9.0
Spellcasting   | 4 |  4.0
Ice Magic      | 1 |  1.3
Armour         | |  0.2
Stealth        | |  2.0

Action                   |  1- 3 |  4- 6 |  7- 9 | 10-12 || total
-------------------------+-------+-------+-------+-------++-------
Melee: Whip              |    37 |       |       |       ||    37
       Peck              |    10 |    27 |    55 |    25 ||   117
       Kick              |    23 |    54 |    78 |    30 ||   185
       Short sword       |    48 |   190 |       |       ||   238
       Dagger            |       |    23 |    95 |     3 ||   121
       Hand axe          |       |       |   227 |   117 ||   344
Throw: Stone             |     3 |    20 |    24 |     7 ||    54
 Cast: Summon Small Mamm |     3 |       |       |       ||     3
       Call Imp          |     2 |    21 |    12 |       ||    35
       Call Canine Famil |       |     2 |     1 |       ||     3
       Summon Lightning  |       |       |     3 |     9 ||    12
 Abil: Fly               |       |     1 |       |       ||     1
  Use: Scroll            |     2 |     5 |     4 |     1 ||    12
       Potion            |     1 |       |       |     2 ||     3
 Stab: Sleeping          |     2 |       |     2 |       ||     4
       Distracted        |       |       |       |     3 ||     3
Armor: Robe              |     8 |     6 |       |       ||    14
       Ring mail         |       |    22 |    44 |    18 ||    84
       Swamp dragon scal |       |       |       |     5 ||     5
Dodge: Dodged            |    60 |   197 |   301 |   140 ||   698

Table legend: (Time is in decaauts)
 A = Elapsed time spent in this place.
 B = Non-inter-level travel time spent in this place.
 C = Inter-level travel time spent in this place.
 D = Time resting spent in this place.
 E = Time spent auto-exploring this place.
 F = Levels seen in this place.
 G = Mean time per level.
                   A        B        C        D        E       F      G
               +--------+--------+--------+--------+--------+-----+--------+
         Total |  11741 |  11170 |    571 |   3533 |   5113 |  10 | 1174.1 |
       Dungeon |  11741 |  11170 |    571 |   3533 |   5113 |  10 | 1174.1 |
               +--------+--------+--------+--------+--------+-----+--------+

Top non-repeatable levels by time:
     D:2: 1963 daAuts
     D:4: 1808 daAuts
     D:1: 1617 daAuts
     D:8: 1523 daAuts
     D:5: 1098 daAuts
     D:6: 1051 daAuts
     D:3: 1013 daAuts
     D:7: 812 daAuts
     D:9: 795 daAuts
    D:10: 57 daAuts
